Map: Nightscape LE

Players

Massa

  • Race: Terran Terran
  • League: Platinum
  • Spawn Location: 1:00

qqq

  • Race: Protoss Protoss
  • League: Platinum
  • Spawn Location: 1:00

MaLiBu

  • Race: Terran Terran
  • League: Master
  • Spawn Location: 7:00

MȃrieJǿhȃƞƞȃ

  • Race: Zerg Zerg
  • League: Master
  • Spawn Location: 7:00

VOD

Have the link to the VOD?

Description

Time

  • Played on: Jan. 6, 2021, 6:47 a.m.
  • Length: 10:59
Show
View Real Time Build Order
Export as new Build Order

Massa Terran 

Build Orders: 1/1/1 

Get SALT Encoding   

  12  0:00  SCV  
  13  0:12  SCV  
  14  0:22  Supply Depot  
  14  0:24  SCV  
  15  0:43  Refinery  
  15  0:44  SCV  
  15  0:45  Barracks  
  16  0:56  Refinery, SCV  
  17  1:08  SCV  
  18  1:20  SCV  
  19  1:32  SCV  
  20  1:33  Factory  
  20  1:37  Supply Depot  
  20  1:44  SCV  
  20  1:46  Reaper  
  22  1:56  Orbital Command  
  22  2:11  Supply Depot  
  22  2:23  Supply Depot  
  22  2:26  Starport  
  22  2:29  SCV  
  23  2:35  Marine  
  24  2:41  SCV  
  25  3:12  Starport Tech Lab  
  25  3:15  Starport  
  25  3:28  Factory Tech Lab  
  25  3:29  Barracks Tech Lab  
  25  3:34  Supply Depot  
  25  3:35  Command Center  
  25  3:37  Engineering Bay  
  25  3:46  Barracks  
  25  3:53  Starport Tech Lab  
  25  3:57  Banshee  
  28  4:09  Cloaking Field  
  28  4:11  Banshee  
  28  4:16  Marine  
  32  4:19  SCV  
  33  4:26  Missile Turret  
  33  4:38  SCV  
  34  4:39  Banshee  
  37  4:50  SCV  
  38  5:05  Orbital Command  
  38  5:06  Barracks Reactor  
  37  5:08  SCV  
  38  5:14  Banshee  
  38  5:20  SCV, Terran Infantry Weapons Level 1  
  42  5:23  Armory  
  42  5:27  Refinery  
  42  5:32  SCV  
  40  6:03  Banshee x2  
  46  6:10  SCV  
  46  6:11  SCV  
  48  6:12  Engineering Bay  
  48  6:15  Marauder, Marine x2  
  48  6:17  Stimpack  
  52  6:23  SCV x2  
  54  6:33  Marine  
  54  6:35  SCV x2  
  54  6:37  Marauder  
  58  6:47  SCV  
  51  6:59  Marauder, Marine x2  
  51  7:01  Siege Tank  
  58  7:11  Barracks  
  58  7:12  Barracks x2  
  58  7:16  Barracks  
  58  7:17  Marine  
  58  7:21  Marauder  
  61  7:33  Widow Mine  
  60  7:45  Marine  
  60  7:46  Marine x2  
  59  7:55  Widow Mine  
  54  8:03  Marine x3  
  57  8:12  Missile Turret  
  57  8:15  Marine x4  
  61  8:21  Marine x3  
  60  8:32  Marine  
  60  8:33  Marine x3  
  64  8:39  Marine x3  
  64  8:40  Widow Mine  
  57  8:50  Marine x2, Missile Turret  
  57  8:51  Marine x2  
  60  8:57  Marine x3  
  60  9:02  Widow Mine  
  65  9:08  Marine x2  
  69  9:14  Marine  
  69  9:15  Marine x2  
  70  9:24  Widow Mine, Barracks Reactor  
  70  9:26  Barracks Tech Lab, Marine  
  70  9:31  Command Center  
  70  9:33  Command Center  
  70  9:39  Supply Depot  
  70  9:41  Supply Depot  
  70  9:47  Supply Depot  
  70  9:57  SCV  
  70  9:58  SCV  
  70  9:59  Siege Tank  
  69  10:05  Supply Depot  
  60  10:10  SCV  
  64  10:14  Marauder x2, Marine  
  64  10:15  Marine x5  
  50  10:32  Marine  
  50  10:33  Marine x4  
  54  10:36  Marauder x2  
Show
View Real Time Build Order
Export as new Build Order

qqq Protoss 

Build Orders: 1 Gate Expand, Carriers 

Get SALT Encoding   

  12  0:00  Probe  
  13  0:12  Probe  
  14  0:25  Pylon  
  14  0:27  Probe  
  15  0:43  Probe  
  15  0:45  Gateway  
  16  0:55  Probe  
  17  1:23  Probe  
  17  1:24  Nexus  
  18  1:33  Cybernetics Core  
  18  1:47  Probe  
  19  1:59  Probe  
  19  2:11  Probe  
  19  2:13  Assimilator  
  20  2:17  Assimilator  
  20  2:23  Probe (Chrono Boost)  
  21  2:32  Pylon  
  21  2:35  Probe (Chrono Boost)  
  22  2:41  Probe (Chrono Boost)  
  22  2:43  Probe (Chrono Boost)  
  24  2:47  Stalker  
  24  2:49  Probe (Chrono Boost)  
  28  2:52  Probe (Chrono Boost)  
  28  2:53  Probe (Chrono Boost)  
  28  2:54  Pylon  
  29  3:05  Probe x2 (Chrono Boost)  
  31  3:14  Probe (Chrono Boost)  
  31  3:16  Stargate  
  31  3:17  Probe (Chrono Boost)  
  31  3:19  Probe (Chrono Boost), Forge  
  33  3:26  Probe  
  35  3:28  Assimilator  
  35  3:31  Probe  
  35  3:32  Assimilator  
  36  3:36  Stalker  
  36  3:38  Probe  
  39  3:43  Probe  
  40  3:50  Probe  
  41  3:55  Probe  
  41  4:02  Probe  
  43  4:07  Nexus  
  43  4:08  Probe  
  44  4:16  Fleet Beacon  
  44  4:17  Stalker  
  44  4:20  Probe  
  44  4:24  Probe  
  48  4:30  Pylon  
  48  4:32  Probe  
  48  4:33  Pylon  
  48  4:37  Probe  
  48  4:38  Void Ray  
  54  4:49  Probe  
  55  4:54  Stargate  
  55  5:01  Photon Cannon  
  55  5:04  Photon Cannon  
  55  5:18  Carrier (Chrono Boost)  
  55  5:19  Probe  
  56  5:28  Protoss Air Weapons Level 1 (Chrono Boost)  
  62  5:31  Probe (Chrono Boost)  
  64  5:43  Probe (Chrono Boost)  
  64  5:44  Carrier  
  64  5:47  Probe (Chrono Boost)  
  71  5:54  Assimilator  
  71  5:58  Probe, Assimilator  
  71  5:59  Probe  
  73  6:10  Probe  
  73  6:11  Probe  
  75  6:16  Carrier  
  81  6:22  Probe  
  81  6:23  Probe  
  83  6:26  Robotics Facility  
  83  6:28  Pylon  
  83  6:32  Pylon  
  83  6:34  Probe  
  83  6:35  Probe  
  85  6:46  Probe  
  86  6:47  Probe  
  87  6:58  Probe  
  87  6:59  Carrier  
  84  7:05  Anion Pulse-Crystals  
  84  7:12  Probe  
  84  7:13  Stargate  
  85  7:19  Phoenix  
  87  7:24  Probe  
  87  7:29  Protoss Air Armor Level 1  
  82  7:36  Probe  
  77  7:40  Shield Battery  
  77  7:42  Photon Cannon  
  77  7:44  Phoenix, Pylon  
  71  7:47  Pylon  
  71  7:48  Probe  
  62  8:00  Probe  
  62  8:01  Phoenix (Chrono Boost)  
  62  8:03  Phoenix (Chrono Boost)  
  59  8:11  Phoenix (Chrono Boost)  
  50  8:20  Probe  
  50  8:23  Phoenix (Chrono Boost)  
  50  8:24  Photon Cannon  
  50  8:25  Phoenix (Chrono Boost)  
  50  8:26  Photon Cannon  
  49  8:29  Phoenix (Chrono Boost)  
  49  8:31  Photon Cannon  
  49  8:33  Probe  
  50  8:45  Probe  
  45  9:06  Phoenix x2  
  45  9:07  Carrier  
  56  9:10  Probe  
  56  9:13  Probe  
  57  9:22  Probe  
  58  9:25  Probe  
  58  9:30  Observer  
  60  9:31  Carrier  
  60  9:34  Probe  
  60  9:37  Probe  
  68  9:46  Probe  
  68  9:49  Probe  
  61  9:59  Probe  
  48  10:02  Probe  
  49  10:11  Probe  
  49  10:14  Probe  
  37  10:38  Pylon  
  37  10:43  Pylon  
  37  10:45  Pylon  
  37  10:47  Pylon  
  37  10:49  Pylon  
Show
View Real Time Build Order
Export as new Build Order

MaLiBu Terran 

Build Orders: Reaper Expand 

Get SALT Encoding   

  12  0:00  SCV  
  13  0:12  SCV  
  14  0:16  Supply Depot  
  14  0:24  SCV  
  15  0:38  SCV  
  15  0:41  Barracks  
  16  0:46  Refinery  
  16  0:50  SCV  
  17  1:03  SCV  
  18  1:15  SCV  
  19  1:28  Orbital Command  
  19  1:29  Reaper  
  20  1:40  Command Center  
  20  1:53  Supply Depot  
  20  1:59  SCV  
  20  2:01  Marine  
  21  2:11  SCV  
  22  2:23  Barracks Reactor, SCV  
  23  2:35  SCV  
  24  2:37  Command Center  
  24  2:40  Supply Depot  
  24  2:47  SCV  
  25  2:59  SCV  
  25  3:00  Marine x2  
  27  3:13  SCV  
  27  3:18  Marine x2  
  27  3:19  Barracks  
  30  3:20  Barracks  
  30  3:21  Orbital Command  
  30  3:25  SCV  
  31  3:35  Marine  
  31  3:36  Marine  
  31  3:37  SCV  
  34  3:48  SCV  
  34  3:49  SCV  
  34  3:51  Orbital Command  
  34  3:53  Marine x2  
  38  4:00  Engineering Bay  
  38  4:01  SCV x2  
  40  4:03  Engineering Bay  
  40  4:08  Barracks Tech Lab  
  40  4:09  Barracks Tech Lab  
  40  4:12  Barracks Reactor  
  40  4:13  SCV  
  40  4:14  SCV  
  40  4:17  SCV, Marine x2  
  45  4:25  SCV  
  45  4:26  SCV  
  45  4:29  SCV, Supply Depot  
  45  4:30  Terran Infantry Weapons Level 1  
  45  4:31  Terran Infantry Armor Level 1  
  48  4:32  Stimpack  
  48  4:35  Marine  
  48  4:37  SCV  
  48  4:38  SCV  
  51  4:44  Factory  
  51  4:47  Refinery, SCV  
  51  4:48  Refinery  
  51  4:49  SCV  
  51  4:51  Marine x4  
  57  4:53  SCV  
  59  5:01  Orbital Command  
  59  5:02  Refinery  
  59  5:03  SCV  
  59  5:05  SCV  
  60  5:12  Marine x3  
  60  5:13  Marauder, Marine  
  66  5:15  SCV  
  66  5:18  SCV  
  68  5:22  Missile Turret  
  68  5:26  Supply Depot x2  
  68  5:29  Armory, Factory Reactor  
  68  5:35  SCV x3  
  71  5:37  Marine x3  
  71  5:38  Marine  
  71  5:39  Marine  
  64  5:54  Marine  
  64  5:55  Marine x2  
  65  5:57  SCV x2  
  65  5:58  SCV  
  66  6:09  SCV  
  66  6:10  SCV  
  65  6:21  Marine x5  
  65  6:23  Orbital Command  
  68  6:26  Starport  
  68  6:30  Starport  
  68  6:32  SCV x2  
  70  6:35  Factory Tech Lab  
  70  6:38  Marine  
  70  6:39  Marine x2  
  71  6:51  SCV x3, Marine x2  
  76  7:01  Barracks  
  76  7:02  Barracks  
  76  7:03  SCV  
  77  7:14  Marine x2, Medivac x2  
  77  7:15  SCV x2  
  85  7:18  SCV  
  86  7:25  Missile Turret  
  86  7:26  Missile Turret  
  86  7:27  SCV x2  
  86  7:28  Terran Infantry Armor Level 2, Terran Infantry Weapons Level 2  
  86  7:29  Missile Turret  
  88  7:30  SCV  
  88  7:35  Marine x5  
  92  7:40  SCV x2  
  92  7:45  SCV  
  93  7:54  SCV  
  93  7:55  SCV  
  93  8:03  Missile Turret  
  93  8:05  Missile Turret  
  93  8:10  Barracks Reactor x2  
  93  8:11  Marine x3  
  93  8:12  SCV x3  
  99  8:15  Marine  
  99  8:16  Supply Depot, Marine, Combat Shield  
  99  8:17  Supply Depot  
  99  8:18  Supply Depot  
  101  8:37  Marine x2  
  101  8:38  SCV x3, Medivac x2  
  101  8:39  Barracks  
  101  8:40  Refinery  
  110  8:41  Barracks  
  110  8:42  Barracks  
  110  8:45  Refinery  
  110  8:50  SCV  
  110  8:51  Marauder, Marine x4  
  110  8:52  Marine  
  118  9:04  SCV x2, Missile Turret  
  118  9:05  SCV  
  118  9:06  Marine x3  
  118  9:09  Marine  
  125  9:26  Supply Depot  
  125  9:27  Marine, Thor, Supply Depot  
  125  9:28  Supply Depot  
  125  9:31  Barracks Tech Lab  
  132  9:32  Barracks Tech Lab x2  
  132  9:33  Marine  
  132  9:35  Concussive Shells, Command Center  
  133  9:45  Supply Depot  
  133  9:47  Marine x4  
  133  9:48  Marauder  
  137  10:00  Marine x3  
  137  10:01  Marine  
  137  10:02  Marine  
  137  10:03  Marauder x2, Medivac x2  
  133  10:09  Marauder  
  130  10:24  Marauder x3, Marine x5  
  130  10:25  Marine x3  
  143  10:33  SCV x2  
  143  10:34  SCV  
  146  10:37  Marauder  
Show
View Real Time Build Order
Export as new Build Order

MȃrieJǿhȃƞƞȃ Zerg 

Build Orders: Hatch First 

Get SALT Encoding   

  12  0:01  Drone  
  13  0:08  Drone  
  14  0:16  Overlord  
  14  0:45  Drone  
  14  0:47  Hatchery  
  14  0:49  Drone  
  15  0:57  Drone  
  15  0:58  Drone  
  17  1:14  Extractor, Drone  
  17  1:22  Drone, Spawning Pool  
  17  1:30  Drone  
  18  1:40  Drone  
  19  2:06  Drone x3  
  22  2:09  Extractor  
  22  2:10  Queen x2  
  25  2:18  Drone  
  25  2:19  Drone  
  25  2:22  Drone  
  28  2:23  Overlord  
  28  2:45  Metabolic Boost  
  28  2:46  Hatchery  
  27  2:52  Drone  
  27  2:54  Drone  
  29  3:03  Lair  
  29  3:04  Drone  
  30  3:06  Drone  
  30  3:08  Drone  
  32  3:14  Overlord  
  32  3:18  Drone  
  32  3:19  Drone  
  34  3:24  Drone x2  
  36  3:29  Overlord  
  36  3:39  Drone x3  
  36  3:40  Drone  
  40  3:42  Extractor  
  40  3:44  Extractor  
  40  3:46  Drone x2  
  40  3:51  Overlord  
  40  3:53  Drone  
  40  3:54  Drone  
  42  3:56  Drone  
  42  4:01  Queen  
  45  4:10  Spire  
  44  4:17  Drone x2  
  44  4:18  Drone x2  
  44  4:20  Drone  
  44  4:22  Drone  
  44  4:23  Drone  
  51  4:26  Drone  
  51  4:27  Drone  
  51  4:30  Drone  
  54  4:34  Overlord  
  54  4:37  Overlord  
  54  4:41  Drone  
  54  4:42  Drone  
  54  4:44  Extractor x2  
  54  4:46  Drone x2  
  56  4:53  Zergling x8  
  60  5:07  Drone x2  
  60  5:08  Drone x6  
  68  5:20  Drone  
  69  5:21  Drone x3  
  69  5:22  Drone  
  69  5:26  Hatchery  
  69  5:27  Drone  
  73  5:28  Zerg Flyer Weapons Level 1  
  73  5:32  Drone  
  73  5:33  Drone x2  
  76  5:37  Drone x3  
  76  5:39  Mutalisk  
  81  5:43  Overseer  
  81  5:50  Overlord x2  
  81  5:51  Overlord  
  81  6:09  Mutalisk x4  
  81  6:10  Mutalisk x6  
  101  6:16  Mutalisk  
  103  6:23  Mutalisk  
  105  6:38  Overlord x2  
  103  6:40  Overlord x2  
  102  6:50  Mutalisk x3  
  107  6:57  Mutalisk x4  
  107  6:58  Mutalisk x2  
  119  7:05  Queen  
  121  7:09  Mutalisk  
  121  7:10  Mutalisk  
  121  7:14  Mutalisk  
  126  7:25  Mutalisk x2  
  125  7:36  Mutalisk x2  
  123  7:44  Drone x2  
  126  7:45  Drone x15  
  126  7:46  Drone  
  139  7:53  Mutalisk  
  139  7:55  Mutalisk  
  139  7:56  Mutalisk  
  143  8:15  Mutalisk  
  143  8:16  Overlord x3  
  143  8:25  Extractor  
  143  8:26  Mutalisk x2  
  142  8:32  Extractor  
  135  8:38  Mutalisk x2  
  135  8:43  Mutalisk x2  
  135  8:45  Zergling x4  
  127  8:51  Mutalisk, Zergling x2  
  120  8:58  Zergling x2  
  120  8:59  Zergling x4  
  119  9:07  Spore Crawler  
  119  9:08  Spore Crawler  
  111  9:11  Spore Crawler  
  111  9:13  Burrow  
  111  9:15  Mutalisk x3  
  112  9:28  Mutalisk  
  112  9:29  Mutalisk x2  
  118  9:33  Zergling x2  
  118  9:34  Zergling x8  
  118  9:35  Hatchery, Zergling x6  
  125  9:47  Hatchery, Mutalisk x3  
  125  9:49  Zergling x14  
  137  9:57  Baneling Nest  
  136  10:04  Mutalisk x3  
  134  10:09  Mutalisk  
  130  10:17  Mutalisk x2  
  134  10:25  Mutalisk  
  134  10:26  Mutalisk  
  136  10:32  Drone  
  136  10:33  Drone x7  
  136  10:34  Overlord x7  
  134  10:57  Extractor x2  
Tags
 
Add a new tag
Caveats
  • Supply blocks, unpowered buildings, or Contaminate may cause inaccurate times.
  • Supply counts are checked every 10 seconds.